 Dungeon Crawl Stone Soup version 0.26-a0-980-g0fe3eaa9ac (webtiles) character file.

Game seed: 11376467478889128318

46 sahdkjhfkaj the Ruffian (level 3, 0/29 HPs)
             Began as a Minotaur Transmuter on Dec 5, 2020.
             Succumbed to a scorpion's poison
             ... on level 2 of the Dungeon.
             The game lasted 00:01:32 (1210 turns).

sahdkjhfkaj the Ruffian (Minotaur Transmuter)       Turns: 1210, Time: 00:01:32

Health: 0/29       AC:  2    Str: 15    XL:     3   Next: 44%
Magic:  4/4        EV: 12    Int: 10    God:
Gold:   102        SH:  0    Dex: 10    Spells: 2/5 levels left

rFire    . . .     SeeInvis .     - Unarmed
rCold    . . .     Faith    .   (no shield)
rNeg     . . .     Spirit   .   a - +0 robe
rPois    .         Reflect  .   (helmet restricted)
rElec    .         Harm     .   (no cloak)
rCorr    .         Rampage  .   (no gloves)
MR       +....                  (no boots)
Stlth    ++........             (no amulet)
HPRegen  0.09/turn              (no ring)
MPRegen  0.09/turn              (no ring)

@: lethally poisoned (0 -> -14)
A: retaliatory headbutt, horns 2, talons 1, camouflage 1, magic resistance 1
a: no special abilities


You were on level 2 of the Dungeon.
You visited 1 branch of the dungeon, and saw 2 of its levels.

You collected 102 gold pieces.

Inventory:

Armour
 a - a +0 robe (worn)
Jewellery
 g - a +6 ring of intelligence {unknown}
Scrolls
 b - 2 scrolls of remove curse
 d - a scroll of teleportation
 e - a scroll of blinking {unknown}
 f - a scroll of identify {unknown}


   Skills:
 + Level 2.2 Fighting
 - Level 2.1 Dodging
 + Level 3.7 Unarmed Combat
 + Level 1.8 Spellcasting
 + Level 2.1 Transmutations


You had 2 spell levels left.
You knew the following spells:

 Your Spells              Type           Power        Failure   Level
a - Beastly Appendage     Tmut           #.....       14%         1
s - Wereblood             Tmut           #.......     21%         2

Your spell library contained the following spells:

 Spells                   Type           Power        Failure   Level
 Spider Form              Tmut/Pois      #.........   52%         3
 Ice Form                 Ice/Tmut       #.......     90%         4
 Blade Hands              Tmut           #.........   98%         5


Dungeon Overview and Level Annotations

Branches:
Dungeon (2/15)

Altars:
Qazlal


Innate Abilities, Weirdness & Mutations

You reflexively headbutt those who attack you in melee.
You have a pair of horns on your head.
You have sharp toenails.
Your skin changes colour to match your surroundings (Stealth+).
You are resistant to hostile enchantments. (MR+)


Message History

The scorpion is heavily wounded.
The scorpion stings you!
* * * LOW HITPOINT WARNING * * *
You hit the scorpion but do no damage.
The scorpion is heavily wounded.
* * * LOW HITPOINT WARNING * * *
You feel sick. The scorpion stings you.
* * * LOW HITPOINT WARNING * * *
You are more poisoned.
The scorpion poisons you!
It was a potion of mutation.
You feel extremely strange.
You feel resistant to hostile enchantments.
Your toenails lengthen and sharpen.
Your skin functions as natural camouflage.
* * * LOW HITPOINT WARNING * * *
You feel sick. The scorpion misses you.
Unknown command.
You hit the scorpion. Your kick misses the scorpion.
The scorpion is severely wounded.
You die...

#b #.# . #.
..# .. ..
.#.# #. #B##
...#
##.##.....#.#
......#.##.#
#.g...##.#
#.#S####.#
#.bbs@...#
.....#####.##
#.#.# #.#
#... #.# ###
#.# #.# #.#
#.# #.#


You could see a scorpion, an adder, a hobgoblin and 2 bats.

Vanquished Creatures
  2 worms (D:2)
  3 dart slugs
  A giant cockroach (D:1)
  2 goblins
  3 hobgoblins
  4 jackals (D:2)
  7 bats
  A frilled lizard (D:1)
  5 kobolds (D:1)
  2 rats (D:1)
30 creatures vanquished.

Notes
Turn   | Place    | Note
-------+----------+-------------------------------------------
     0 | D:1      | sahdkjhfkaj the Minotaur Transmuter began the quest for the
                  | Orb.
     0 | D:1      | Reached XP level 1. HP: 16/16 MP: 1/1
   215 | D:1      | Reached XP level 2. HP: 13/23 MP: 1/3
   221 | D:1      | Learned a level 2 spell: Wereblood
   842 | D:2      | Found a stormy altar of Qazlal.
   848 | D:2      | Reached XP level 3. HP: 24/29 MP: 4/4
  1196 | D:2      | Noticed a scorpion
  1209 | D:2      | Gained mutation: You are resistant to hostile enchantments.
                  | (MR+) [potion of mutation]
  1209 | D:2      | Gained mutation: You have sharp toenails. [potion of
                  | mutation]
  1209 | D:2      | Gained mutation: Your skin changes colour to match your
                  | surroundings (Stealth+). [potion of mutation]
  1209 | D:2      | HP: 1/29 [poisoned by a scorpion]
  1210 | D:2      | Succumbed to a scorpion's poison

Illustrated notes

Levels and vault maps discovered:
D:1:      sevenhm_arrival_forest_fort_small_6, layout_basic
D:2:      layout_loops_ring, nicolae_qazlal_general_emergency,
          minmay_fractal_squares_5

Skill      XL: |  1  2 |
---------------+-------+-----
Fighting       | 2 |  2.2
Transmutations | 2 |  2.1
Dodging        | |  2.1
Unarmed Combat | |  3.7
Spellcasting   | |  1.8

Action                   || total
-------------------------++-------
Melee: Unarmed           ||    76
       Headbutt          ||    12
  Use: Scroll            ||     2
       Potion            ||     1
Armor: Robe              ||    18
Dodge: Dodged            ||    37

Table legend: (Time is in decaauts)
 A = Elapsed time spent in this place.
 B = Non-inter-level travel time spent in this place.
 C = Inter-level travel time spent in this place.
 D = Time resting spent in this place.
 E = Time spent auto-exploring this place.
 F = Levels seen in this place.
 G = Mean time per level.
                   A        B        C        D        E       F      G
               +--------+--------+--------+--------+--------+-----+--------+
         Total |   1204 |   1185 |     19 |    242 |    778 |   2 |  602.0 |
       Dungeon |   1204 |   1185 |     19 |    242 |    778 |   2 |  602.0 |
               +--------+--------+--------+--------+--------+-----+--------+

Top non-repeatable levels by time:
     D:1: 834 daAuts
     D:2: 369 daAuts
